 Dungeon Crawl Stone Soup version 0.23.2-1-ga50397a (webtiles) character file.

Game seed: 18366646709946154520

112316 GuyDeFluk the Unseen (level 16, -9/85 HPs)
             Began as a Spriggan Enchanter on May 8, 2019.
             Was the Champion of Dithmenos.
             Mangled by a shambling mangrove (15 damage)
             ... on level 2 of the Swamp on May 12, 2019.
             The game lasted 06:03:04 (35311 turns).

GuyDeFluk the Unseen (Spriggan Enchanter)          Turns: 35311, Time: 06:03:05

Health: -9/85      AC:  9    Str:  6    XL:     16   Next: 11%
Magic:  18/33      EV: 29    Int: 26    God:    Dithmenos [******]
Gold:   1909       SH: 13    Dex: 19    Spells: 7/40 levels left

rFire    . . .     SeeInvis +   E - +2 dagger (venom)
rCold    . . .     Gourm    .   T - +3 buckler {AC+3}
rNeg     . . .     Faith    .   j - +2 robe {MR+}
rPois    +         Spirit   .   S - +2 hat {Int+3}
rElec    .         Reflect  +   B - scarf {repulsion}
rCorr    .         Harm     .   (gloves unavailable)
MR       +++..                  (boots unavailable)
Stlth    ++++++++++             U - +2 amulet of reflection
HPRegen  0.24/turn              W - +4 ring of intelligence
MPRegen  0.23/turn              C - ring of poison resistance

@: about to teleport, grasped by roots, very slightly contaminated, wreathed by
umbra, constricted, invisible, repel missiles, very quick
A: very small, unfitting armour, see invisible, herbivore, speed 3, slow
metabolism 2
a: Shadow Step, Shadow Form, Renounce Religion


You were on level 2 of the Swamp.
You worshipped Dithmenos.
Dithmenos was exalted by your worship.
You were not hungry.

You visited 4 branches of the dungeon, and saw 26 of its levels.

You collected 2812 gold pieces.
You spent 903 gold pieces at shops.

Inventory:

Hand Weapons
 q - the +8 rapier of Ysheos {drain, +Inv rPois Str+3}
   (You found it on level 13 of the Dungeon)

   A truly terrible weapon, it drains the life of those it strikes.
   It affects your strength (+3).
   It protects you from poison.
   It lets you turn invisible.
 E - a +2 dagger of venom (weapon)
 I - a +1 dagger of distortion
Armour
 j - a +2 robe of magic resistance (worn)
 r - a +2 robe of resistance
 t - a +2 cloak
 B - a scarf of repulsion (worn)
 S - a +2 hat of intelligence (worn)
 T - a +3 buckler of protection (worn)
Jewellery
 e - an uncursed ring of positive energy
 o - an uncursed ring of protection from fire
 w - a +5 ring of dexterity
 x - an uncursed ring of protection from magic
 z - an uncursed ring of positive energy
 C - a ring of poison resistance (right hand)
 M - an uncursed ring of ice
 O - an uncursed ring of resist corrosion
 P - an uncursed ring of wizardry
 U - a +2 amulet of reflection (around neck)
 W - a +4 ring of intelligence (left hand)
Wands
 s - a wand of flame (27)
 v - a wand of iceblast (47)
 D - a wand of clouds (6)
 H - a wand of paralysis (19)
 K - a wand of enslavement (11)
 Y - a wand of acid (6)
Scrolls
 a - 6 scrolls of enchant weapon
 b - 5 scrolls of blinking
 c - a scroll of acquirement
 f - 5 scrolls of teleportation
 n - a scroll of identify
 u - 6 scrolls of fog
 y - 10 scrolls of remove curse
 F - 3 scrolls of fear
 J - 3 scrolls of enchant armour
 L - 5 scrolls of magic mapping
 Q - 7 scrolls of amnesia
 X - a scroll of silence {unknown}
 Z - a scroll of holy word {unknown}
Potions
 g - a potion of invisibility
 h - 5 potions of mutation
 i - 7 potions of might
 k - 3 potions of berserk rage
 l - 3 potions of lignification
 m - a potion of flight
 p - 9 potions of curing
 G - 4 potions of haste
 V - 2 potions of agility
Comestibles
 d - 30 rations


   Skills:
 - Level 10.1 Fighting
 - Level 10.4 Short Blades
 - Level 15.0 Dodging
 + Level 17.7 Stealth
 - Level 7.2 Shields
 + Level 12.6 Spellcasting
 - Level 16.3 Hexes


You had 7 spell levels left.
You knew the following spells:

 Your Spells              Type           Power        Failure   Level  Hunger
a - Corona                Hex            #######      0%          1    None
b - Ensorcelled Hibernat  Hex/Ice        ######       1%          2    None
c - Confuse               Hex            #######.     0%          3    None
d - Dazzling Spray        Conj/Hex       ######       1%          3    None
e - Blink                 Tloc           N/A          5%          2    None
f - Cause Fear            Hex            #######...   1%          4    None
g - Discord               Hex            #######...   28%         8    #######
h - Silence               Hex/Air        ######....   3%          5    ###....
i - Dispel Undead         Necr           ###.....     69%         5    ###....

Your spell library contained the following spells:

 Spells                   Type           Power        Failure   Level  Hunger
 Confusing Touch          Hex            ######       0%          1    None
 Slow                     Hex            #######.     0%          2    None
 Tukima's Dance           Hex            #######.     0%          3    None
 Summon Guardian Golem    Hex/Summ       ######..     1%          3    None
 Animate Skeleton         Necr           N/A          3%          1    None
 Freeze                   Ice            ###.         3%          1    None
 Magic Dart               Conj           ###.         3%          1    None
 Pain                     Necr           ###.         3%          1    None
 Sandblast                Erth           ###...       3%          1    None
 Shock                    Conj/Air       ###.         3%          1    None
 Summon Small Mammal      Summ           ###.         3%          1    None
 Metabolic Englaciation   Hex/Ice        ######....   3%          5    ###....
 Yara's Violent Unravell  Hex/Tmut       ######....   3%          5    ###....
 Call Imp                 Summ           ###.....     5%          2    None
 Corpse Rot               Necr           N/A          5%          2    None
 Passwall                 Tmut/Erth      ###.....     5%          2    None
 Sublimation of Blood     Necr           ###.......   5%          2    None
 Swiftness                Chrm/Air       ###.....     5%          2    None
 Throw Frost              Conj/Ice       ###...       5%          2    None
 Call Canine Familiar     Summ           ###.....     11%         3    None
 Conjure Flame            Conj/Fire      ###.....     11%         3    None
 Gell's Gravitas          Tloc           ###.......   11%         3    None
 Ignite Poison            Fire/Tmut/Pois ###.....     11%         3    None
 Mephitic Cloud           Conj/Pois/Air  ###.....     11%         3    None
 Ozocubu's Armour         Chrm/Ice       ###.....     11%         3    None
 Regeneration             Chrm/Necr      ###.......   11%         3    None
 Static Discharge         Conj/Air       ###.....     11%         3    None
 Stone Arrow              Conj/Erth      ###...       11%         3    None
 Vampiric Draining        Necr           ###.......   11%         3    None
 Airstrike                Air            ###.......   34%         4    None
 Animate Dead             Necr           N/A          34%         4    None
 Petrify                  Tmut/Erth      ###.....     34%         4    None
 Summon Ice Beast         Ice/Summ       ###.....     34%         4    None
 Summon Lightning Spire   Summ/Air       ###.....     34%         4    None
 Throw Icicle             Conj/Ice       ###.....     34%         4    None
 Agony                    Necr           ###.....     69%         5    ###....
 Bolt of Draining         Conj/Necr      ###.......   69%         5    ###....
 Excruciating Wounds      Chrm/Necr      ###.......   69%         5    ###....
 Fireball                 Conj/Fire      ###.......   69%         5    ###....
 Lee's Rapid Deconstruct  Erth           ###.......   69%         5    ###....
 Lightning Bolt           Conj/Air       ###.......   69%         5    ###....
 Bolt of Fire             Conj/Fire      ###.......   99%         6    #####..
 Deflect Missiles         Chrm/Air       ###.......   99%         6    #####..
 Ring of Flames           Chrm/Fire      ###.......   100%        7    ######.
 Ignition                 Fire           ###.......   100%        8    #######


Dungeon Overview and Level Annotations

Branches:
Dungeon (15/15)            Temple (0/1) D:6            Lair (6/6) D:10
  Swamp (3/4) Lair:2        Snake (0/4) Lair:2        Slime (0/5) Lair:5
    Orc (2/2) D:12            Elf (0/3) Orc:2        Vaults (0/5) D:14
 Depths (0/5) D:15

Altars:
Ashenzari
Dithmenos
Elyvilon
Fedhas
Kikubaaqudgha
Nemelex Xobeh
Ru
Xom
The Shining One
Beogh

Shops:
D:12 %[   Orc:2 %*[%

Annotations:
D:5 Grinder
D:7 3 runed translucent doors, schauveau's ghost, novice CeHu
D:12 1 runed translucent door, bmj180's ghost, novice TrMo
Swamp:1 1 runed translucent door, Ykec Esm's ghost, journeyman DrWn


Innate Abilities, Weirdness & Mutations

You are very small and have problems with some larger weapons.
You are too small for most types of armour.
You have supernaturally acute eyesight. (SInv)
You are a herbivore.
You cover ground extremely quickly.
You need to consume almost no food.


Message History

You escape the roots' grasp.
There is a stone staircase leading down here.
Casting: Dazzling Spray (safe; 1% risk of failure)
Confirm with . or Enter, or press ? or * to list all spells.
Aiming: Confuse (safe; 0% risk of failure)
Press: ? - help, Shift-Dir - straight line, f/p - shambling mangrove
Aim: a shambling mangrove (black smoke, moderately damaged, umbra, chance to defeat MR: 19%)
The shambling mangrove resists with almost no effort.
Your shadow mimicks your spell!
The shambling mangrove resists with almost no effort.
As you read the scroll of teleportation, it crumbles to dust.
You feel strangely unstable.
Roots burst forth from the earth!
The grasping roots grab you!
* * * LOW HITPOINT WARNING * * *
The grasping roots constrict you!
You fade into invisibility!
You are very lightly contaminated with residual magic.
The roots' grasp on you weakens, but your attempt to escape fails.
You die...

.♣ ≈♣♣...≈.♣ ♣.≈≈≈≈≈.≈.
.♣ ....≈≈≈.♣♣ ♣♣≈..♣≈≈≈≈.
♣♣ ≈♣♣≈≈♣≈..♣ ♣.≈≈.≈≈≈≈≈≈
.♣ ≈(≈......♣♣
♣≈≈≈≈....≈≈ ♣♣
.≈≈≈.♣♣...♣ ♣♣..≈≈≈♣♣♣♣.
♣ ≈≈≈≈≈ ♣..≈♣♣ ♣♣..♣..♣♣
♣. ♣ §.≈≈. ♣♣.≈≈♣
♣♣.≈.≈≈≈.♣ ♣≈ ♣ ≈≈≈≈≈.
♣.≈≈♣♣♣.≈≈.≈.≈♣♣♣♣♣≈ ♣♣
≈≈.
...♣≈≈@♣♣§..§....♣♣.♣♣≈
.♣
≈≈§≈.≈≈...≈≈≈≈.♣≈y♣≈≈.§.
♣♣ ...≈
≈≈.≈≈♣≈f.♣♣y≈≈.♣≈≈♣≈≈≈.≈
♣♣ ♣≈≈.
.≈≈.♣≈.≈≈.♣♣.≈§....♣♣≈≈≈♣
.♣ ≈≈.
.≈≈....♣≈...§≈≈.♣.≈♣♣...≈
♣♣♣..
.♣♣♣.§≈≈≈≈≈§§§§§♣≈≈♣§≈...
♣♣..♣ ♣♣..≈≈≈§♣§§§♣♣
≈♣♣).). .♣..♣
♣♣.≈≈§§§§§§♣ .♣≈..)≈ .♣.♣
♣≈≈.♣§§§§§§♣ ♣....≈


You could see a shambling mangrove and a vampire mosquito (wandering).

Vanquished Creatures
  Gastronok (Lair:3)
  A thorn hunter (Swamp:1)
  A stone giant (Orc:2)
  Erolcha (D:11)
  Fannar (D:11)
  7 hydras
  5 vault guards (D:14)
  A ghost crab (Swamp:2)
  Erica (Lair:1)
  6 centaur warriors
  6 alligators
  A spriggan berserker (Swamp:2)
  An ogre mage (D:14)
  5 two-headed ogres
  4 orc high priests
  Nergalle (D:11)
  A deep elf knight (Swamp:2)
  8 spriggans
  Sonja (D:11)
  A swamp dragon (Swamp:2)
  A glowing orange brain (D:15)
  A spriggan druid (Swamp:2)
  2 unseen horrors
  Pikel (D:5)
  A lindwurm (shapeshifter) (D:15)
  A wolf spider zombie (D:15)
  7 orc sorcerers
  20 ugly things
  3 cyclopes
  2 wolf spiders
  6 orc knights
  An elephant (Lair:6)
  A guardian serpent (Lair:6)
  10 black mambas
  A torpor snail (Lair:3)
  27 spiny frogs
  A gargoyle (D:14)
  2 kobold demonologists (D:15)
  4 rime drakes
  An efreet (D:15)
  7 komodo dragons
  2 yaktaurs
  8 trolls
  A meliai (shapeshifter) (D:15)
  A polar bear (Lair:6)
  15 hornets
  2 bog bodies (Swamp:1)
  8 tyrant leeches
  4 dream sheep
  12 blink frogs
  A meliai zombie (D:15)
  17 slime creatures
  11 hippogriffs
  8 wyverns
  A tarantella (shapeshifter) (D:15)
  A wraith (D:15)
  8 shadows
  Eustachio (D:6)
  33 yaks
  3 basilisks
  Grum (Lair:1)
  16 vampire mosquitoes
  A basilisk (shapeshifter) (D:15)
  4 nagas (Lair:2)
  A warg (Orc:2)
  A soldier ant (shapeshifter) (D:15)
  5 swamp worms
  2 soldier ants (D:9)
  3 acid dragons
  19 water moccasins
  12 porcupines
  21 orc warriors
  4 swamp drakes (Swamp:2)
  2 black bears
  An ice beast (D:7)
  A phantom (D:7)
  6 sky beasts
  2 eyes of draining (D:13)
  A hornet zombie (D:9)
  A necrophage (D:13)
  32 wolves
  12 ogres
  5 centaurs
  17 crocodiles
  20 bullfrogs
  2 big kobolds
  Blork the orc (D:6)
  A gnoll sergeant (D:6)
  A water moccasin skeleton (D:12)
  4 scorpions
  12 killer bees
  A wight (D:6)
  2 howler monkeys
  2 vampire bats (Lair:3)
  A bullfrog zombie (D:12)
  4 crimson imps
  A quasit (D:13)
  A wyvern simulacrum (D:13)
  3 centaur zombies
  A hound (D:11)
  13 orc priests
  8 jellies
  A gnoll shaman (D:10)
  7 centaur skeletons
  2 iguanas
  14 orc wizards
  10 worker ants
  3 hound skeletons
  A howler monkey zombie (D:5)
  14 gnolls
  10 adders
  3 shadow imps
  An ooze (D:1)
  An adder zombie (D:6)
  2 adder skeletons
  4 worms (D:3)
  2 dart slugs
  3 leopard geckos
  67 orcs
  A ball python (D:1)
  6 giant cockroaches
  17 hobgoblins
  6 jackals
  4 quokkas
  16 bats
  4 frilled lizards
  5 goblins
  A jackal zombie (D:7)
  17 kobolds
  A leopard gecko skeleton (D:6)
  A leopard gecko zombie (D:5)
  A quokka skeleton (D:4)
  6 rats
  2 butterflies (D:7)
772 creatures vanquished.

Vanquished Creatures (others)
  An ice beast (D:5)
  2 slaves (D:5)
  A howler monkey (D:5)
  A shadow imp (D:13)
  A quokka (D:5)
  35 fungi
  32 plants
73 creatures vanquished.

Grand Total: 845 creatures vanquished

Notes
Turn   | Place    | Note
-------+----------+-------------------------------------------
     0 | D:1      | GuyDeFluk the Spriggan Enchanter began the quest for the
                  | Orb.
     0 | D:1      | Reached XP level 1. HP: 9/9 MP: 5/5
   416 | D:1      | Reached XP level 2. HP: 7/13 MP: 6/6
  1237 | D:1      | Reached skill level 5 in Stealth
  1801 | D:1      | Reached XP level 3. HP: 12/16 MP: 8/8
  1950 | D:1      | You fall through a shaft!
  3757 | D:2      | Found a blossoming altar of Fedhas.
  4755 | D:3      | Reached XP level 4. HP: 18/21 MP: 7/9
  4870 | D:3      | Found a glowing drain.
  5481 | D:3      | Reached skill level 6 in Stealth
  5664 | D:3      | Reached XP level 5. HP: 20/24 MP: 10/10
  5898 | D:4      | Noticed a phantom
  6126 | D:4      | Reached skill level 5 in Short Blades
  6696 | D:4      | Noticed a phantom
  6804 | D:5      | Entered Level 5 of the Dungeon
  6866 | D:5      | Learned a level 2 spell: Ensorcelled Hibernation
  6870 | D:5      | Learned a level 3 spell: Confuse
  6888 | D:5      | Noticed Grinder
  7107 | D:5      | Found a shadowy altar of Dithmenos.
  7118 | D:5      | Became a worshipper of Dithmenos the Shadowed
  7478 | D:5      | Reached XP level 6. HP: 27/28 MP: 11/11
  7642 | D:5      | Found a sparkling altar of Nemelex Xobeh.
  7725 | D:5      | Reached skill level 7 in Stealth
  7928 | D:5      | Noticed Pikel
  7928 | D:5      | Noticed a slave
  7929 | D:5      | Noticed a slave
  7929 | D:5      | Noticed a slave
  7929 | D:5      | Noticed a slave
  7930 | D:5      | Killed Pikel
  7930 | D:5      | Reached skill level 11 in Stealth
  7930 | D:5      | Reached XP level 7. HP: 32/32 MP: 12/12
  8469 | D:6      | Noticed Blork the orc
  8480 | D:6      | Killed Blork the orc
  8508 | D:6      | Found a white marble altar of Elyvilon.
  8559 | D:6      | Found a sand-covered staircase.
  9165 | D:6      | Reached skill level 5 in Hexes
  9360 | D:6      | Found a staircase to the Ecumenical Temple.
  9363 | D:6      | Noticed Eustachio
  9379 | D:6      | Killed Eustachio
  9379 | D:6      | Reached XP level 8. HP: 36/36 MP: 7/15
  9891 | D:6      | Reached skill level 5 in Spellcasting
 10580 | D:7      | Found a shimmering altar of Xom.
 11768 | D:7      | Found a runed translucent gate.
 11772 | D:7      | Found a runed translucent gate.
 11772 | D:7      | Found a runed translucent gate.
 11772 | D:7      | Noticed schauveau's ghost (novice CeHu)
 11792 | D:7      | Found a glowing golden altar of the Shining One.
 12442 | D:8      | Reached * piety under Dithmenos
 12643 | D:8      | Reached XP level 9. HP: 39/39 MP: 22/22
 12680 | D:8      | Noticed a two-headed ogre
 12687 | D:8      | Killed a two-headed ogre
 13456 | D:9      | Found an ancient bone altar of Kikubaaqudgha.
 13493 | D:9      | Reached skill level 10 in Hexes
 13730 | D:9      | Reached skill level 1 in Fighting
 13813 | D:10     | Entered Level 10 of the Dungeon
 13881 | D:10     | Reached XP level 10. HP: 46/46 MP: 10/24
 14026 | D:10     | Reached ** piety under Dithmenos
 14278 | D:10     | Reached skill level 5 in Dodging
 14547 | D:10     | Found a staircase to the Lair.
 14627 | D:11     | Noticed Erolcha
 14631 | D:11     | Killed Erolcha
 14677 | D:11     | Noticed a cyan ugly thing
 14684 | D:11     | Killed a cyan ugly thing
 14956 | D:11     | Noticed Sonja
 14973 | D:11     | Killed Sonja
 15058 | D:11     | Noticed Nergalle
 15077 | D:11     | Killed Nergalle
 15103 | D:11     | Reached XP level 11. HP: 54/54 MP: 18/25
 15105 | D:11     | Noticed Fannar
 15110 | D:11     | Reached skill level 12 in Stealth
 15538 | D:11     | Reached *** piety under Dithmenos
 15706 | D:11     | Killed Fannar
 15944 | D:11     | Reached skill level 13 in Stealth
 16312 | Lair:1   | Entered Level 1 of the Lair of Beasts
 16358 | Lair:1   | Noticed Erica
 16365 | Lair:1   | Killed Erica
 16365 | Lair:1   | Reached skill level 5 in Fighting
 16751 | Lair:1   | Reached **** piety under Dithmenos
 17053 | Lair:1   | Noticed Grum
 17059 | Lair:1   | Noticed a five-headed hydra
 17084 | Lair:1   | Killed Grum
 17102 | Lair:1   | Reached XP level 12. HP: 43/63 MP: 5/26
 17635 | Lair:1   | Noticed a four-headed hydra
 17666 | Lair:1   | Killed a five-headed hydra
 17666 | Lair:1   | Reached skill level 10 in Short Blades
 17670 | Lair:1   | Killed a four-headed hydra
 17732 | Lair:1   | Learned a level 3 spell: Dazzling Spray
 18011 | Lair:2   | Noticed a five-headed hydra
 18046 | Lair:2   | Killed a five-headed hydra
 18223 | Lair:2   | Found a staircase to the Snake Pit.
 18691 | Lair:2   | You fall through a shaft for 2 floors!
 18719 | Lair:4   | Reached ***** piety under Dithmenos
 18719 | Lair:4   | Reached skill level 14 in Stealth
 19493 | Lair:2   | Reached skill level 15 in Stealth
 19652 | Lair:2   | Found a staircase to the Swamp.
 20179 | Lair:3   | Noticed Gastronok
 20195 | Lair:3   | Killed Gastronok
 20195 | Lair:3   | Reached skill level 10 in Dodging
 20195 | Lair:3   | Reached XP level 13. HP: 63/67 MP: 20/27
 20527 | Lair:3   | Reached skill level 1 in Shields
 21658 | Lair:4   | Reached skill level 5 in Shields
 21745 | Lair:5   | Found a staircase to the Slime Pits.
 21752 | Lair:5   | Learned a level 2 spell: Blink
 22597 | Lair:5   | Reached ****** piety under Dithmenos
 22819 | Lair:6   | Entered Level 6 of the Lair of Beasts
 23234 | Lair:6   | Found a gate leading to a gauntlet.
 24341 | Lair:6   | Reached XP level 14. HP: 72/72 MP: 25/28
 24757 | Lair:6   | Learned a level 4 spell: Cause Fear
 24766 | Lair:6   | Learned a level 8 spell: Discord
 24772 | Lair:6   | Learned a level 5 spell: Silence
 24954 | Lair:6   | Reached skill level 10 in Spellcasting
 25673 | D:12     | Found a runed translucent door.
 25675 | D:12     | Found a shimmering altar of Xom.
 25675 | D:12     | Noticed bmj180's ghost (novice TrMo)
 25783 | D:12     | Found a sacrificial altar of Ru.
 25853 | D:12     | Found Sahil's Armour Shop.
 25853 | D:12     | Found a staircase to the Orcish Mines.
 25986 | D:12     | Found Ilemmuk's Food Emporium.
 26426 | Orc:1    | Entered Level 1 of the Orcish Mines
 27094 | Orc:2    | Entered Level 2 of the Orcish Mines
 27547 | Orc:2    | Found Ykkuucoa's General Store.
 27547 | Orc:2    | Found Peygom's Food Shop.
 27548 | Orc:2    | Found Poit's Armour Emporium.
 27611 | Orc:2    | Reached skill level 15 in Hexes
 28002 | Orc:2    | Found Vowiq's Food Emporium.
 28326 | Orc:2    | Noticed a stone giant
 28342 | Orc:2    | Killed a stone giant
 28418 | Orc:2    | Found a staircase to the Elven Halls.
 28555 | Orc:1    | Found a roughly hewn altar of Beogh.
 28996 | Orc:2    | Bought a scroll of enchant weapon for 105 gold pieces
 28996 | Orc:2    | Bought a potion of curing for 42 gold pieces
 28996 | Orc:2    | Bought a scroll of acquirement for 728 gold pieces
 28996 | Orc:2    | Bought a scroll of identify for 28 gold pieces
 29208 | D:13     | Found a shattered altar of Ashenzari.
 29343 | D:13     | Learned a level 5 spell: Dispel Undead
 29687 | D:13     | Reached skill level 15 in Dodging
 29962 | D:13     | Got a shimmering rapier
 29963 | D:13     | Identified the +8 rapier of Ysheos {drain, +Inv rPois
                  | Str+3} (You found it on level 13 of the Dungeon)
 30866 | D:14     | Reached XP level 15. HP: 77/77 MP: 30/30
 31125 | D:14     | Found a gate to the Vaults.
 31289 | D:15     | Entered Level 15 of the Dungeon
 31827 | D:15     | Found a staircase to the Depths.
 32012 | D:15     | Reached skill level 10 in Fighting
 32626 | Swamp:1  | Entered Level 1 of the Swamp
 33102 | Swamp:1  | Found a runed translucent door.
 33109 | Swamp:1  | Identified the +8 trident "Spriggan's Curse" {flame, Str+2}
 33112 | Swamp:1  | Noticed Ykec Esm's ghost (journeyman DrWn)
 33319 | Swamp:1  | Reached skill level 16 in Stealth
 33843 | Swamp:1  | Noticed a thorn hunter
 33853 | Swamp:1  | Killed a thorn hunter
 34428 | Swamp:2  | Reached skill level 17 in Stealth
 34775 | Swamp:2  | Reached XP level 16. HP: 73/85 MP: 26/33
 35187 | Swamp:2  | You fall through a shaft!
 35311 | Swamp:2  | Mangled by a shambling mangrove

Skill      XL: |  1  2  3  4  5  6  7  8  9 10 11 12 13 14 15 |
---------------+----------------------------------------------+-----
Short Blades   | 2 3 4 5 6 9 10 | 10.4
Stealth        | 5 6 11 13 15 17 | 17.7
Spellcasting   | 4 8 9 10 12 | 12.6
Hexes          | 5 6 10 11 12 13 14 16 | 16.3
Fighting       | 2 4 7 10 | 10.1
Dodging        | 4 8 10 11 15 | 15.0
Shields        | 7 |  7.2

Action                   |  1- 3 |  4- 6 |  7- 9 | 10-12 | 13-15 | 16-18 || total
-------------------------+-------+-------+-------+-------+-------+-------++-------
Melee: Dagger            |   336 |   200 |   273 |   474 |  1035 |    33 ||  2351
 Cast: Confuse           |       |     3 |    52 |   145 |   300 |    10 ||   510
       Ensorcelled Hiber |       |       |    40 |    54 |   160 |     6 ||   260
       Dazzling Spray    |       |       |       |     2 |    13 |     9 ||    24
       Blink             |       |       |       |       |     2 |       ||     2
       Silence           |       |       |       |       |     1 |       ||     1
  Use: Scroll            |     6 |     5 |    10 |     6 |    18 |     3 ||    48
       Potion            |       |     1 |       |       |     4 |     2 ||     7
 Stab: Sleeping          |     9 |    11 |    34 |    74 |   177 |     8 ||   313
       Distracted        |     1 |     1 |     3 |     2 |     5 |       ||    12
       Confused          |       |     1 |    21 |    87 |   212 |     4 ||   325
       Invisible         |       |       |       |       |     3 |     3 ||     6
  Eat: Ration            |     1 |     2 |     4 |     3 |     8 |       ||    18
Armor: Robe              |    43 |    12 |    15 |    14 |    25 |     1 ||   110
Dodge: Dodged            |   238 |   122 |   167 |   361 |   435 |    17 ||  1340
Block: Other             |       |       |       |       |     7 |       ||     7
       Buckler           |       |       |       |       |   222 |    14 ||   236
       Reflection        |       |       |       |       |     8 |     1 ||     9
